Get step-by-step instructions on how to execute this build order below. Start the game timer, and the build order will tick by so you can play in parallel with StarCraft on a second screen or mobile device.

Game Time

  0:00

Last Step

  N/A

Next Step

Upcoming Step



Don't want to look back and forth between 2 screens? Try out our Overwolf App, the Spawning Tool Build Advisor to get an in-game overlay with this build!

Complete Build Order

  12  0:00  Drone  
  13  0:12  Overlord  
  13  0:16  Drone  
  14  0:30  Drone x2  
  14  0:34  Drone  
  17  0:52  Hatchery  
  17  0:55  Drone  
  17  1:09  Spawning Pool  
  16  1:12  Drone  
  17  1:25  Drone x2, Extractor  
  19  1:28  Drone  
  19  1:38  Overlord  
  19  1:49  Overlord  
  19  1:56  Queen  
  19  2:00  Drone  
  22  2:05  Queen  
  22  2:06  Drone  
  25  2:12  Drone  
  25  2:15  Zergling x2  
  27  2:22  Spine Crawler  
  26  2:26  Zergling x2, Spine Crawler  
  26  2:27  Zergling x2  
  27  2:32  Drone  
  28  2:39  Drone  
  28  2:43  Drone  
  30  2:50  Drone  
  31  2:54  Lair  
  31  2:55  Drone  
  31  2:58  Drone  
  33  3:02  Metabolic Boost  
  33  3:05  Drone x2  
  35  3:15  Drone x3  
  35  3:16  Drone  
  35  3:18  Drone  
  40  3:21  Drone x2  
  42  3:28  Drone  
  42  3:29  Drone  
  44  3:37  Extractor x2  
  44  3:39  Extractor, Drone  
  44  3:40  Drone x2  
  44  3:43  Overlord  
  44  3:44  Overlord  
  44  4:01  Drone x2, Queen  
  44  4:02  Drone x2  
  50  4:03  Drone  
  50  4:06  Drone  
  52  4:11  Drone  
  53  4:17  Roach Warren  
  53  4:18  Hydralisk Den  
  53  4:20  Drone x3  
  53  4:22  Drone, Baneling Nest  
  54  4:26  Drone  
  55  4:32  Zergling x2  
  55  4:33  Zergling x4  
  59  4:38  Drone  
  59  4:39  Spire  
  58  4:46  Zergling x4  
  58  4:51  Overlord x2  
  60  4:57  Glial Reconstitution  
  60  4:58  Muscular Augments  
  60  5:06  Centrifugal Hooks  
  60  5:10  Zergling x12  
  66  5:18  Overlord  
  66  5:19  Overlord  
  66  5:29  Queen  
  66  5:30  Overlord  
  66  5:31  Overlord x2  
  66  5:34  Overlord  
  68  5:48  Hatchery  
  67  6:00  Hydralisk x2, Hatchery  
  67  6:02  Hydralisk, Grooved Spines  
  72  6:14  Roach x5  
  82  6:24  Roach  
  82  6:25  Roach x3  
  87  6:30  Roach x2  
  77  6:36  Roach x3  
  73  6:44  Roach  
  73  6:45  Roach  
  67  6:51  Roach  
  55  6:56  Roach  
  49  7:04  Roach  
  49  7:05  Roach x2  
  49  7:07  Drone  
  50  7:10  Drone  
  50  7:11  Drone